 Dungeon Crawl Stone Soup version 0.26-a0-660-gc07710193c (webtiles) character file.

Game seed: 8925535628343205127

144 MrRokkomies the Changer (level 5, -2/40 HPs)
             Began as a Gnoll Wanderer on Oct 6, 2020.
             Was a Follower of Wu Jian.
             Shot with an arrow by a centaur (7 damage)
             ... on level 4 of the Dungeon.
             The game lasted 00:06:07 (4577 turns).

MrRokkomies the Changer (Gnoll Wanderer)            Turns: 4577, Time: 00:06:07

Health: -2/40      AC:  3    Str: 12    XL:     5   Next: 27%
Magic:  9/12       EV: 16    Int: 19    God:    Wu Jian [*.....]
Gold:   193        SH:  0    Dex: 13    Spells: 6/14 levels left

rFire    . . .     SeeInvis .   q - +0 long sword (curse)
rCold    . . .     Faith    .   (no shield)
rNeg     . . .     Spirit   .   d - +0 robe
rPois    .         Reflect  .   (no helmet)
rElec    .         Harm     .   (no cloak)
rCorr    +         Rampage  .   (no gloves)
MR       .....                  l - +0 pair of boots (curse)
Stlth    ++........             (no amulet)
HPRegen  0.13/turn              e - +4 ring of evasion
MPRegen  0.13/turn              i - ring of resist corrosion

@: no status effects
A: distributed training, fangs 1, strong nose
a: Renounce Religion


You were on level 4 of the Dungeon.
You worshipped Wu Jian.
Wu Jian was aware of your devotion.
You visited 1 branch of the dungeon, and saw 4 of its levels.

You collected 193 gold pieces.

Inventory:

Hand Weapons
 a - a +1 dagger
 q - a cursed +0 long sword (weapon)
Missiles
 b - 6 poisoned darts (quivered)
 n - 69 arrows
 u - 5 boomerangs
Armour
 d - a +0 robe (worn)
 l - a cursed +0 pair of boots (worn)
Jewellery
 e - a +4 ring of evasion (left hand)
 i - a ring of resist corrosion (right hand)
Wands
 r - a wand of flame (27)
Scrolls
 c - 3 scrolls of magic mapping {unknown}
 f - 2 scrolls of teleportation {unknown}
 g - a scroll of amnesia {unknown}
 h - 2 scrolls of enchant weapon
 j - 2 scrolls of remove curse {unknown}
 k - 4 scrolls of identify {unknown}
 o - a scroll of fear {unknown}
 p - 2 scrolls of fog {unknown}
 v - a scroll of noise {unknown}
Potions
 m - a potion of magic
 s - a potion of degeneration {unknown}
 t - a potion of curing


   Skills:
 + Level 2.9 Fighting
 + Level 1.4 Short Blades
 + Level 1.4 Long Blades
 + Level 1.4 Axes
 + Level 1.4 Maces & Flails
 + Level 1.4 Polearms
 + Level 1.4 Staves
 + Level 1.4 Slings
 + Level 1.4 Bows
 + Level 4.7 Crossbows
 + Level 1.4 Throwing
 + Level 1.4 Armour
 + Level 1.4 Dodging
 + Level 2.7 Stealth
 + Level 2.9 Shields
 + Level 1.4 Unarmed Combat
 + Level 5.2 Spellcasting
 + Level 1.1 Conjurations
 + Level 1.1 Hexes
 + Level 1.1 Summonings
 + Level 1.1 Necromancy
 + Level 1.1 Translocations
 + Level 5.5 Transmutations
 + Level 1.1 Fire Magic
 + Level 1.1 Ice Magic
 + Level 1.1 Air Magic
 + Level 1.1 Earth Magic
 + Level 1.1 Poison Magic
 + Level 1.6 Invocations
 + Level 1.4 Evocations


You had 6 spell levels left.
You knew the following spells:

 Your Spells              Type           Power        Failure   Level
a - Magic Dart            Conj           #...         8%          1
b - Blink                 Tloc           N/A          12%         2
c - Call Imp              Summ           #.......     12%         2
d - Mephitic Cloud        Conj/Pois/Air  #.......     22%         3

Your spell library contained the following spells:

 Spells                   Type           Power        Failure   Level
 Slow                     Hex            #.......     12%         2
 Conjure Flame            Conj/Fire      #.......     22%         3


Dungeon Overview and Level Annotations

Branches:
Dungeon (4/15)
 Temple: D:4-7

Altars:
Fedhas
Kikubaaqudgha
Qazlal
Wu Jian
The Shining One


Innate Abilities, Weirdness & Mutations

Your experience applies equally to all skills.
You have very sharp teeth.
Your uncanny sense of smell can sniff out nearby items.


Message History

The worker ant is lightly wounded.
The centaur shoots an arrow.
The arrow hits you! The arrow freezes you. The orc hits you with a +0 hand axe.
Unknown command.
You closely miss the centaur. You bite the centaur, but do no damage.
The worker ant bites the orc wizard.
The worker ant bites itself.
The centaur unwields a +0 shortbow of freezing.
The centaur hits you! The adder barely misses you.
The orc hits you with a +0 hand axe. The centaur hits you!
* * * LOW HITPOINT WARNING * * *
The adder bites you.
* * * LOW HITPOINT WARNING * * *
You are too injured to fight recklessly!
Unknown command.
You are too injured to fight recklessly!
Unknown command.
Something bites the orc.
The centaur wields a +0 shortbow of freezing.
It is covered in frost.
The centaur shoots an arrow.
The arrow hits you!
You die...

## ######. .......
......$ ....... ∆
......B
.....oS###########
.....oc(@........###
∆
##....o######......#
. #..... #.###..# .
#..... #.#...># ..
#....# #.#.#..#+##..
#.... #.#......(...
#.... #.#...<......
##### #.#..#.......
..#<.....)...


You could see a centaur, an orc wizard, an adder and 2 orcs.

Vanquished Creatures
  A worker ant (D:4)
  A worm (D:2)
  2 leopard geckos
  2 giant cockroaches
  14 goblins
  10 hobgoblins
  5 jackals
  A quokka (D:2)
  2 ball pythons (D:1)
  5 bats
  3 frilled lizards
  13 kobolds
  10 rats
69 creatures vanquished.

Vanquished Creatures (collateral kills)
  An iguana (D:1)
  2 adders (D:2)
  A worm (D:2)
  A giant cockroach (D:2)
  5 goblins (D:2)
  4 hobgoblins
  3 kobolds
17 creatures vanquished.

Vanquished Creatures (others)
  2 fungi (D:2)
2 creatures vanquished.

Grand Total: 88 creatures vanquished

Notes
Turn   | Place    | Note
-------+----------+-------------------------------------------
     0 | D:1      | MrRokkomies the Gnoll Wanderer began the quest for the Orb.
     0 | D:1      | MrRokkomies set off with the following items: a +0 dagger,
                  | a potion of lignification, a potion of curing, a +0 robe;
                  | and the following spell memorised: Magic Dart; and the
                  | following spells available to memorise: Blink, Call Imp,
                  | Slow, Conjure Flame, Mephitic Cloud
     0 | D:1      | Reached XP level 1. HP: 17/17 MP: 6/6
   252 | D:1      | Reached XP level 2. HP: 21/23 MP: 0/7
  1042 | D:1      | Reached XP level 3. HP: 28/28 MP: 3/9
  1064 | D:1      | Reached skill level 5 in Spellcasting
  1434 | D:1      | Learned a level 2 spell: Blink
  1437 | D:1      | Learned a level 2 spell: Call Imp
  1441 | D:1      | Learned a level 3 spell: Mephitic Cloud
  1560 | D:2      | Found a blossoming altar of Fedhas.
  1564 | D:2      | Found a stormy altar of Qazlal.
  1641 | D:1      | Reached skill level 1 in Invocations
  1665 | D:1      | Reached skill level 1 in Short Blades
  1665 | D:1      | Reached skill level 1 in Long Blades
  1665 | D:1      | Reached skill level 1 in Axes
  1665 | D:1      | Reached skill level 1 in Maces & Flails
  1665 | D:1      | Reached skill level 1 in Polearms
  1665 | D:1      | Reached skill level 1 in Staves
  1665 | D:1      | Reached skill level 1 in Slings
  1665 | D:1      | Reached skill level 1 in Bows
  1665 | D:1      | Reached skill level 1 in Throwing
  1665 | D:1      | Reached skill level 1 in Armour
  1665 | D:1      | Reached skill level 1 in Dodging
  1665 | D:1      | Reached skill level 1 in Unarmed Combat
  1665 | D:1      | Reached skill level 1 in Evocations
  1665 | D:1      | Reached XP level 4. HP: 5/34 MP: 3/11
  2296 | D:2      | Found a glowing golden altar of the Shining One.
  2923 | D:2      | Reached skill level 1 in Conjurations
  2923 | D:2      | Reached skill level 1 in Hexes
  2923 | D:2      | Reached skill level 1 in Summonings
  2923 | D:2      | Reached skill level 1 in Necromancy
  2923 | D:2      | Reached skill level 1 in Translocations
  2923 | D:2      | Reached skill level 1 in Fire Magic
  2923 | D:2      | Reached skill level 1 in Ice Magic
  2923 | D:2      | Reached skill level 1 in Air Magic
  2923 | D:2      | Reached skill level 1 in Earth Magic
  2923 | D:2      | Reached skill level 1 in Poison Magic
  3229 | D:3      | Found a faded altar of an unknown god.
  3727 | D:3      | Became a worshipper of the Wu Jian Council
  3727 | D:3      | Reached * piety under Wu Jian
  3881 | D:3      | Reached XP level 5. HP: 40/40 MP: 12/12
  3946 | D:3      | Found an ancient bone altar of Kikubaaqudgha.
  4184 | D:3      | Found a stormy altar of Qazlal.
  4573 | D:4      | Noticed a centaur
  4577 | D:4      | Shot with an arrow by a centaur

Illustrated notes

Levels and vault maps discovered:
D:1:      lightli_iron_boxes, layout_loops_ring, chequers_serial_rivers_small_3,
          st_stairs_4, minmay_pentomino_v4
D:2:      cheibrodos_greedy_goblins, layout_rooms,
          grunt_temple_overflow_forces_of_nature, old_standard_altar
D:3:      layout_basic, kiku_gazebo_garden_becter,
          chequers_ecumenical_altar_island, grunt_qazlal_clouds
D:4:      layout_basic

Skill      XL: |  1  2  3  4 |
---------------+-------------+-----
Spellcasting   | 5 |  5.2
Invocations    | 1 |  1.6
Short Blades   | 1 |  1.4
Long Blades    | 1 |  1.4
Axes           | 1 |  1.4
Maces & Flails | 1 |  1.4
Polearms       | 1 |  1.4
Staves         | 1 |  1.4
Slings         | 1 |  1.4
Bows           | 1 |  1.4
Throwing       | 1 |  1.4
Armour         | 1 |  1.4
Dodging        | 1 |  1.4
Unarmed Combat | 1 |  1.4
Evocations     | 1 |  1.4
Conjurations   | 1 |  1.1
Hexes          | 1 |  1.1
Summonings     | 1 |  1.1
Necromancy     | 1 |  1.1
Translocations | 1 |  1.1
Fire Magic     | 1 |  1.1
Ice Magic      | 1 |  1.1
Air Magic      | 1 |  1.1
Earth Magic    | 1 |  1.1
Poison Magic   | 1 |  1.1
Fighting       | |  2.9
Crossbows      | |  4.7
Stealth        | |  2.7
Shields        | |  2.9
Transmutations | |  5.5

Action                   |  1- 3 |  4- 6 || total
-------------------------+-------+-------++-------
Melee: Dagger            |    72 |    65 ||   137
       Bite              |     1 |     8 ||     9
       Long sword        |       |    14 ||    14
       Punch             |       |     1 ||     1
Throw: Dart              |       |     3 ||     3
 Cast: Magic Dart        |    61 |    51 ||   112
       Call Imp          |     2 |    22 ||    24
       Mephitic Cloud    |       |     1 ||     1
Invok: Lunge             |       |     3 ||     3
  Use: Potion            |     6 |       ||     6
       Scroll            |       |     1 ||     1
 Stab: Sleeping          |     4 |     6 ||    10
Armor: Skin              |    31 |       ||    31
       Robe              |     6 |     9 ||    15
Dodge: Dodged            |    56 |   104 ||   160
       Rpst.: Long sword |       |     3 ||     3

Table legend: (Time is in decaauts)
 A = Elapsed time spent in this place.
 B = Non-inter-level travel time spent in this place.
 C = Inter-level travel time spent in this place.
 D = Time resting spent in this place.
 E = Time spent auto-exploring this place.
 F = Levels seen in this place.
 G = Mean time per level.
                   A        B        C        D        E       F      G
               +--------+--------+--------+--------+--------+-----+--------+
         Total |   4588 |   4495 |     93 |    420 |   3488 |   4 | 1147.0 |
       Dungeon |   4588 |   4495 |     93 |    420 |   3488 |   4 | 1147.0 |
               +--------+--------+--------+--------+--------+-----+--------+

Top non-repeatable levels by time:
     D:1: 1944 daAuts
     D:2: 1586 daAuts
     D:3: 799 daAuts
     D:4: 258 daAuts
